 Dungeon Crawl Stone Soup version 0.21-a0-621-gc60411f (webtiles) character file.

5285 Amnesiac the Martial Artist (level 10, -27/68 HPs)
             Began as an Octopode Transmuter on Dec 23, 2017.
             Was a High Priest of Okawaru.
             Annihilated by a two-headed ogre
             ... wielding a +0 giant spiked club
              (30 damage)
             ... on level 9 of the Dungeon.
             The game lasted 00:12:42 (8970 turns).

Amnesiac the Martial Artist (Octopode Transmuter)   Turns: 8970, Time: 00:12:43

Health: -27/68     AC:  1    Str:  9    XL:     10   Next: 63%
Magic:  27/27      EV: 17    Int: 16    God:    Okawaru [*****.]
Gold:   622        SH:  0    Dex: 16    Spells: 9/20 levels left

rFire    . . .     SeeInvis .     - Unarmed
rCold    . . .     Gourm    +   (no shield)
rNeg     . . .     Faith    .   (helmet restricted)
rPois    .         Spirit   .   B - amulet of the gourmand
rElec    .         Reflect  .   g - ring of magical power
rCorr    .         Harm     .   (no ring)
MR       .....                  (no ring)
Stlth    ++........             (no ring)
HPRegen  0.21/turn              (no ring)
MPRegen  0.20/turn              (no ring)
                                (no ring)
                                (no ring)

@: very slightly contaminated, slowed, very slow
A: almost no armour, stealthy swim, amphibious, 8 rings, constrict 8, camouflage
1, gelatinous body 1
a: Heroism, Finesse, Renounce Religion


You were on level 9 of the Dungeon.
You worshipped Okawaru.
Okawaru was extremely pleased with you.
You were completely stuffed.

You visited 1 branch of the dungeon, and saw 9 of its levels.

You collected 622 gold pieces.

Inventory:

Hand Weapons
 y - the +2 whip "Jotexuedgh" {flame, rC++ Str+2}
   (You found it on level 5 of the Dungeon)

   It has been specially enchanted to burn those struck by it, causing extra
   injury to most foes and up to half again as much damage against particularly
   susceptible opponents.
   It affects your strength (+2).
   It greatly protects you from cold.
 E - a +3 dagger of distortion
Missiles
 a - 92 arrows
 d - 8 needles of sleeping
 i - 290 stones (quivered)
 q - 20 poisoned needles
 I - 6 poisoned tomahawks
Jewellery
 g - a ring of magical power (left tentacle)
 r - an uncursed amulet of magic regeneration
 B - an amulet of the gourmand (around mantle)
Wands
 D - a wand of polymorph (19)
 H - a wand of digging (11)
Scrolls
 e - 2 scrolls of amnesia {!r, unknown}
 h - 3 scrolls of identify {!r, unknown}
 j - 8 scrolls of teleportation {!r, unknown}
 l - 4 scrolls of random uselessness {!r, unknown}
 m - 4 scrolls of remove curse {!r, unknown}
 n - a scroll of blinking {!r}
 o - a scroll of enchant weapon {!r, unknown}
 s - 2 scrolls of magic mapping {!r, unknown}
 u - 2 scrolls of enchant armour {!r, unknown}
 v - 3 scrolls of fog {!r}
 C - a scroll of fear {!r, unknown}
Potions
 f - 9 potions of curing {!q}
 k - a potion of mutation {!q, unknown}
 p - a potion of ambrosia {!q, unknown}
 t - a potion of heal wounds {!q}
 w - a potion of degeneration {!q, unknown}
 x - a potion of resistance {!q, unknown}
 z - a potion of lignification {!q, unknown}
 A - a potion of flight {!q, unknown}
Books
 b - a book of Changes

   Spells                             Type                      Level
   a - Beastly Appendage              Transmutation                1
   b - Sticks to Snakes               Transmutation                2
   c - Spider Form                    Transmutation/Poison         3
   d - Ice Form                       Ice/Transmutation            4
   e - Blade Hands                    Transmutation                5
 F - a book of Misfortune

   Spells                             Type                      Level
   a - Confusing Touch                Hexes                        1
   b - Confuse                        Hexes                        3
   c - Gell's Gravitas                Translocation                3
   d - Petrify                        Transmutation/Earth          4
   e - Metabolic Englaciation         Hexes/Ice                    5
   f - Yara's Violent Unravelling     Hexes/Transmutation          5
Comestibles
 c - 16 rations
 G - 2 chunks of flesh


   Skills:
 + Level 6.3 Fighting
 + Level 6.2 Dodging
 * Level 9.1 Unarmed Combat
 + Level 5.7 Spellcasting
 + Level 6.2 Transmutations
 + Level 5.0 Invocations


You had 9 spell levels left.
You knew the following spells:

 Your Spells              Type           Power        Failure   Level  Hunger
a - Sticks to Snakes      Tmut           ###.....     1%          2    #......
b - Beastly Appendage     Tmut           ###...       1%          1    None
c - Ice Form              Ice/Tmut       ##......     36%         4    ####...
e - Spider Form           Tmut/Pois      ##........   12%         3    ##.....
z - Confusing Touch       Hex            #.....       14%         1    None


Dungeon Overview and Level Annotations

Branches:
Dungeon (9/15)             Temple (0/1) D:4
   Lair: D:8-11         Orc: D:9-12

Altars:
Ashenzari
Elyvilon
Fedhas
Okawaru
Sif Muna
Uskayaw
Xom
The Shining One

Shops:
D:4 (   D:5 [[[   D:8 ((   D:9 (


Innate Abilities, Weirdness & Mutations

You cannot wear most types of armour.
You are very stealthy in the water. (Stealth+)
You are amphibious.
You can wear up to eight rings at the same time.
You can use your tentacles to constrict eight enemies at once.
Your skin changes colour to match your surroundings (Stealth+).
Your rubbery body absorbs attacks. (AC +1, EV +1)


Message History

The adder hisses angrily.
You tentacle-slap the adder. You squeeze the adder!
You kill the adder!
Okawaru accepts your kill.
You start resting.
Casting: Spider Form
Confirm with . or Enter, or press ? or * to list all spells.
You turn into a venomous arachnid creature.
A two-headed ogre comes into view.
It is wielding a giant spiked club and a giant club.
You catch the helpless two-headed ogre completely off-guard!
You bite the two-headed ogre!
The two-headed ogre is lightly wounded.
The two-headed ogre hits you with a giant spiked club!!
* * * LOW HITPOINT WARNING * * *
The two-headed ogre completely misses you.
Your transformation is almost over.
There is an entrance to Decim's Weapon Emporium here.
A gnoll comes into view. It is wielding a spear.
The gnoll shouts!
The gnoll moves out of view.
A gnoll comes into view. It is wielding a flail.
A gnoll comes into view. It is wielding a flail.
Your transformation has ended.
The gnoll shouts!
A gnoll comes into view. It is wielding a spear.
The gnoll hits you from afar with a spear.
* * * LOW HITPOINT WARNING * * *
Really quaff
f - 10 bubbling dark potions {!q}?
It was a potion of curing {!q}.
You feel better. The hornet barely misses you. The hornet stings you!
* * * LOW HITPOINT WARNING * * *
You feel yourself slow down.
The gnoll hits you from afar with a spear.
* * * LOW HITPOINT WARNING * * *
Okay, then.
Really read
v - 4 scrolls labeled TETYUS ZOVUAPT {!r}?
As you read the scroll labeled TETYUS ZOVUAPT {!r}, it crumbles to dust.
The scroll dissolves into smoke.
It was a scroll of fog {!r}.
The hornet closely misses you. The hornet misses you.
The gnoll hits you from afar with a spear.
* * * LOW HITPOINT WARNING * * *
Really quaff
t - 2 sapphire potions {!q}?
It was a potion of heal wounds {!q}.
You feel much better.
You feel yourself speed up. The hornet barely misses you.
The gnoll barely misses you. The hornet barely misses you.
The gnoll hits you from afar with a spear!
* * * LOW HITPOINT WARNING * * *
Okay, then.
Really read
n - 3 scrolls labeled RECOXO JIOM {!r}?
Blink to where?
Press: ? - help, Dir - move target cursor You are very lightly contaminated with residual magic.
As you read the scroll labeled RECOXO JIOM {!r}, it crumbles to dust.
It was a scroll of blinking {!r}.
The hornet stings you.
* * * LOW HITPOINT WARNING * * *
You feel yourself slow down. The gnoll hits you with a spear.
* * * LOW HITPOINT WARNING * * *
Really read
n - 2 scrolls of blinking {!r}?
Blink to where?
Press: ? - help, Dir - move target cursor
As you read the scroll of blinking {!r}, it crumbles to dust.
The two-headed ogre hits you with a giant spiked club!!
You die...

#.......# #.# #...#####
#.# ##.## #.# #.#
#.####### #.# ##.......###
#.# #............ #.#
#..#####.#### #.# #§§# # .
..# ####§@#####.#.#
...#########...§§Oyg§g...#
#...........∩.§§####§g...
#..#######.....## ### #.
#######.# # #.......#
#.####### #.# #.#


You could see a two-headed ogre, a hornet and a gnoll.

Vanquished Creatures
  2 two-headed ogres
  A centaur skeleton (D:8)
  A troll (D:9)
  A hippogriff (D:8)
  A spriggan (D:7)
  3 ice beasts
  An orc warrior (D:6)
  A black bear (D:8)
  A necrophage (D:9)
  7 ogres
  3 phantoms
  A centaur (D:9)
  A big kobold (D:5)
  3 bullfrogs
  A scorpion (D:7)
  6 killer bees (D:8)
  2 howler monkeys (D:7)
  A centaur zombie (D:9)
  A bullfrog zombie (D:5)
  3 hounds
  A jelly (D:9)
  5 orc priests
  11 orc wizards
  A bullfrog skeleton (D:4)
  An iguana (D:6)
  3 worker ants
  A hound zombie (D:7)
  Robin (D:3)
  2 howler monkey zombies
  6 adders
  A shadow imp (D:8)
  An ooze (D:3)
  An adder skeleton (D:7)
  A worm (D:2)
  2 dart slugs (D:1)
  3 leopard geckos
  29 orcs
  11 bats
  4 giant cockroaches
  25 goblins
  15 hobgoblins
  17 jackals
  5 quokkas
  2 ball pythons
  6 frilled lizards
  10 kobolds
  A leopard gecko skeleton (D:6)
  A quokka skeleton (D:6)
  2 quokka zombies
  3 rats
213 creatures vanquished.

Vanquished Creatures (others)
  A quokka (D:6)
  3 withered plants (D:9)
4 creatures vanquished.

Grand Total: 217 creatures vanquished

Notes
Turn   | Place    | Note
-------+----------+-------------------------------------------
     0 | D:1      | Amnesiac the Octopode Transmuter began the quest for the Orb.
     0 | D:1      | Reached XP level 1. HP: 13/13 MP: 3/3
    72 | D:1      | Reached XP level 2. HP: 13/19 MP: 5/5
    86 | D:1      | Learned a level 2 spell: Sticks to Snakes
   291 | D:1      | Reached XP level 3. HP: 4/24 MP: 6/6
   296 | D:1      | Learned a level 3 spell: Spider Form
  1326 | D:2      | Found a glowing golden altar of the Shining One.
  1326 | D:2      | Found a blossoming altar of Fedhas.
  1340 | D:2      | Found a shattered altar of Ashenzari.
  1557 | D:2      | Found a deep blue altar of Sif Muna.
  1666 | D:2      | Reached XP level 4. HP: 27/30 MP: 7/7
  1868 | D:2      | Found an iron altar of Okawaru.
  1880 | D:2      | Became a worshipper of Warmaster Okawaru
  2228 | D:3      | Reached XP level 5. HP: 29/35 MP: 8/8
  2459 | D:3      | Reached skill level 4 in Unarmed Combat
  2542 | D:3      | Found a hide-covered altar of Uskayaw.
  3104 | D:3      | Noticed Robin
  3124 | D:3      | Killed Robin
  3386 | D:4      | Noticed a phantom
  3497 | D:4      | Noticed an ogre
  3511 | D:4      | Killed an ogre
  3511 | D:4      | Reached XP level 6. HP: 38/42 MP: 10/10
  3705 | D:4      | Found a shimmering altar of Xom.
  3964 | D:4      | Found Rokimimp's Antique Weapon Shop.
  4118 | D:4      | Found a staircase to the Ecumenical Temple.
  4379 | D:5      | Entered Level 5 of the Dungeon
  4393 | D:5      | Reached XP level 7. HP: 46/46 MP: 11/11
  4453 | D:5      | Reached skill level 5 in Unarmed Combat
  4460 | D:5      | Reached * piety under Okawaru
  4731 | D:5      | Found Vitzimeh's Armour Shop.
  4807 | D:5      | Found Zim Fomnif's Antique Armour Emporium.
  4960 | D:5      | Found Gaer's Armour Boutique.
  4971 | D:5      | Got an iridescent whip
  5054 | D:5      | Reached XP level 8. HP: 54/54 MP: 13/13
  5055 | D:5      | Identified the +2 whip "Jotexuedgh" {flame, rC++ Str+2} (You found it on level 5 of the Dungeon)
  5282 | D:6      | Found a white marble altar of Elyvilon.
  5335 | D:6      | Reached skill level 6 in Unarmed Combat
  5354 | D:6      | Reached ** piety under Okawaru
  5354 | D:6      | Reached skill level 1 in Invocations
  6481 | D:7      | Reached XP level 9. HP: 52/60 MP: 15/15
  6529 | D:7      | Reached *** piety under Okawaru
  6529 | D:7      | Reached skill level 7 in Unarmed Combat
  6577 | D:7      | Reached skill level 5 in Fighting
  6577 | D:7      | Reached skill level 5 in Transmutations
  6911 | D:7      | Reached skill level 5 in Dodging
  7387 | D:8      | Learned a level 1 spell: Confusing Touch
  7420 | D:8      | Learned a level 4 spell: Ice Form
  7570 | D:8      | Reached **** piety under Okawaru
  7570 | D:8      | Reached skill level 8 in Unarmed Combat
  7570 | D:8      | Reached skill level 5 in Spellcasting
  7803 | D:8      | Found Cyqotiomn's Weapon Shoppe.
  7825 | D:8      | Found Poineidahe's Antique Weapon Shop.
  7912 | D:8      | Reached XP level 10. HP: 49/68 MP: 17/17
  8107 | D:8      | Noticed a two-headed ogre
  8148 | D:8      | Killed a two-headed ogre
  8696 | D:9      | Found Decim's Weapon Emporium.
  8701 | D:9      | Noticed a two-headed ogre
  8733 | D:9      | Killed a two-headed ogre
  8733 | D:9      | Reached ***** piety under Okawaru
  8733 | D:9      | Received a gift from Okawaru
  8733 | D:9      | Reached skill level 9 in Unarmed Combat
  8829 | D:9      | Reached skill level 5 in Invocations
  8951 | D:9      | Noticed a two-headed ogre
  8969 | D:9      | HP: 2/68 [gnoll/spear (4)]
  8970 | D:9      | Annihilated by a two-headed ogre

Vault maps used:
D:1:      lightli_arrival_lavapool, wad_floor_pattern_untrapped
D:2:      lemuel_blue_sif_altar, nicolae_ashenzari_panopticon,
          gammafunk_temple_overflow_wave, first_ration,
          okawaru_altar_gauntlet_db
D:3:      kennysheep_goblin_castle, marbit_many_paths
D:4:      minmay_temple_entry_fiery, serial_shops, nicolae_shop_behind_doors,
          xom_teletrap_fun
D:5:      kennysheep_big_flooded_room, serial_shops, shop, shop,
          nicolae_shop_overgrown_old_shop
D:6:      elyvilon_altar_4, serial_bayou_pond_a
D:7:      the_bakery
D:8:      serial_shops, nicolae_shop_overgrown_old_shop,
          kennysheep_windowed_goal
D:9:      slow_altar_2, serial_shops, shop_coins, basic_altar, serial_undead,
          serial_undead_c, serial_undead_f, serial_undead_e, serial_undead_b,
          kennysheep_pointless_box

Skill      XL: |  1  2  3  4  5  6  7  8  9 10 |
---------------+-------------------------------+-----
Fighting       | 2 3 4 5 6 |  6.3
Unarmed Combat | 4 5 6 8 9 |  9.1
Transmutations | 3 4 5 6 |  6.2
Dodging        | 3 4 5 6 |  6.2
Spellcasting   | 3 4 5 |  5.7
Invocations    | 2 4 5 |  5.0

Action                   |  1- 3 |  4- 6 |  7- 9 | 10-12 || total
-------------------------+-------+-------+-------+-------++-------
Melee: Unarmed           |   105 |   194 |   289 |    57 ||   645
       Constrict         |    26 |    43 |    18 |     2 ||    89
       Tentacles         |    17 |    30 |    16 |     2 ||    65
       Punch             |     1 |     5 |     3 |     1 ||    10
Throw: Stone             |    56 |   113 |   107 |    15 ||   291
 Cast: Beastly Appendage |     1 |       |       |       ||     1
       Spider Form       |       |     9 |    28 |     9 ||    46
  Use: Scroll            |       |       |       |     3 ||     3
       Potion            |       |       |       |     2 ||     2
 Stab: Sleeping          |     5 |       |     1 |       ||     6
       Distracted        |       |       |       |     1 ||     1
  Eat: Chunk             |     2 |     9 |    25 |     4 ||    40
       Ration            |       |       |     1 |       ||     1
Armor: Skin              |    13 |    12 |     6 |     1 ||    32
Dodge: Dodged            |    57 |   182 |   188 |    67 ||   494

Table legend:
 A = Spawn XP
 B = Non-spawn XP
 C = Spawn XP percentage of total XP
 D = Spawn monster count
 E = Non-spawn monster count
 F = Spawn count percentage of total count
 G = Total turns spent on level
                    A         B        C        D         E        F      G
               +---------+---------+-------+---------+---------+-------+---------
         Total |       0 |    7550 |   0.0 |       0 |     213 |   0.0 |  8970
               +---------+---------+-------+---------+---------+-------+---------
           D:1 |       0 |      51 |   0.0 |       0 |      29 |   0.0 |  1185
           D:2 |       0 |      90 |   0.0 |       0 |      25 |   0.0 |   913
           D:3 |       0 |     236 |   0.0 |       0 |      50 |   0.0 |  1264
           D:4 |       0 |     333 |   0.0 |       0 |      20 |   0.0 |  1059
           D:5 |       0 |     499 |   0.0 |       0 |       9 |   0.0 |   847
           D:6 |       0 |     821 |   0.0 |       0 |      26 |   0.0 |   835
           D:7 |       0 |    1355 |   0.0 |       0 |      23 |   0.0 |  1321
           D:8 |       0 |    2549 |   0.0 |       0 |      22 |   0.0 |  1148
           D:9 |       0 |    1616 |   0.0 |       0 |       9 |   0.0 |   398
               +---------+---------+-------+---------+---------+-------+---------
